Unix NetHack Version 5.0.0-0 post-release - last build Jul 19 2026 19:10:59 (3aa4ab31751d3886436d94b585a96704892fd477,branch:main).

Game began 2026-07-27 12:40:25, ended 2026-07-27 13:16:53.

Jandor, neutral male human Wizard

                              ------------     -----
  --------    ------          |..........|     |@.f.##########      -----
  |......|    |....|          |..........|    #u...|         #####  |....
  |......-#   |....|##########...........|    #|...|             #  |..<|
  |......|#   |.....#         |..........|   ##|..o|             #  |...|
  |......|#   |....|          -------.----  ###-----             ###....|
  |......|#   |....|              ########### ###                   |...|
  --.-----#   ---.--            ####            #         *#########-...|
    #     #      #           #### ##            ##                  -----
    #     #      ###         #----.--            #
    #     #        #         #-...%.|            #
 ---|-    #        ###   `####|.....|            #
 |...|    #----------.-  #   #|.....|    --------#
 |/..|    #|.....:.....####   |.....|    |....>.-#
 |/[/|    #-..........|  #    |......### |.....%|
 |///|     |..........|       |.....|  # |......|
 -----     |..........+       -------  ##.......|
           ------------                  |......|
                                         --------

Jandor the Conjurer       St:16 Dx:11 Co:14 In:17 Wi:11 Ch:12  Neutral
Dlvl:4  $:82 HP:0(30) Pw:17(27) AC:9  Xp:4 T:1891 

Latest messages:
 The spell hits the hill orc!
 You kill the hill orc!
 A clear potion shatters!
 Call a clear potion: 
 You see here a hill orc corpse.
 There is a hill orc corpse here; eat it? [ynq] (n) y
 Blecch!  Rotten food!
 The world spins and goes dark.
 You are conscious again.
 There is a partly eaten hill orc corpse here; eat it? [ynq] (n) y
 You resume your meal.
 You finish eating the hill orc corpse.
 You kill the gnome!
 There is a gnome corpse here; eat it? [ynq] (n) y
 This gnome corpse is tough.
 You finish eating the gnome corpse.
 The kitten picks up a dagger.
 The kitten drops a dagger.
 You see here 3 daggers.
 O - 3 daggers.
 What do you want to wield? [- avwCDFO or ?*] O
 O - 3 daggers (wielded).
 A crossbow bolt misses you.
 You are hit by a crossbow bolt!
 You hear someone cursing shoplifters.
 You see here 2 crossbow bolts.
 P - 2 crossbow bolts.
 The gnome swings his crossbow.
 The gnome hits!
 You hit the gnome.
 You kill the gnome!
 P - 7 crossbow bolts (9 in total).
 Q - a crossbow.
 You hit the pony.
 The pony kicks!
 The pony bites!
 The pony kicks!
 The pony bites!
 In what direction? 1
 The spell misses the pony.
 The pony kicks!
 The pony bites!
 The pony kicks!
 The pony bites!
 In what direction? 1
 The spell misses the pony.
 The pony kicks!
 You die...
 Do you want your possessions identified? [ynq] (y) n
 Do you want to see your attributes? [ynq] (y) q

Inventory:
 Coins    ('$')
  $ - 82 gold pieces
 Weapons  (')')
  P - 9 blessed +3 crossbow bolts
  C - 9 +0 orcish arrows
  Q - a +0 crossbow
  v - 7 +0 darts
  O - 3 blessed +0 daggers (wielded)
  D - a cursed -1 elven spear
  w - a cursed +0 flail
  a - a blessed +1 quarterstaff
  F - a +0 fauchard
 Armor    ('[')
  t - an uncursed +0 orcish helm
  b - a blessed +0 cloak of magic resistance (being worn)
  M - an uncursed +0 elven cloak
 Comestibles  ('%')
  B - 2 uncursed food rations
  x - a cursed food ration
 Scrolls  ('?')
  I - an uncursed scroll of blank paper
  E - an uncursed scroll of confuse monster
  i - an uncursed scroll of destroy armor
  q - a cursed scroll of earth
  j - an uncursed scroll of enchant weapon
  H - a blessed scroll of light
  k - 2 uncursed scrolls of teleportation
 Spellbooks  ('+')
  p - an uncursed spellbook of create monster
  m - an uncursed spellbook of detect food
  u - an uncursed spellbook of detect monsters
  J - a blessed spellbook of dig
  l - a blessed spellbook of force bolt
 Potions  ('!')
  A - an uncursed potion of blindness
  h - an uncursed potion of extra healing
  g - an uncursed potion of fruit juice
  z - a cursed potion of gain ability
 Rings    ('=')
  d - an uncursed ring of conflict
  y - an uncursed ring of free action
  e - an uncursed ring of warning
 Wands    ('/')
  K - a wand of create monster (0:11)
  N - a wand of make invisible (0:7)
  L - a wand of sleep (0:5)
  c - a wand of undead turning (0:5)
 Tools    ('(')
  o - an uncursed blindfold
  n - a magic marker (0:19)

Jandor the Wizard's attributes:

Background:
 You were a Conjurer, a level 4 male human Wizard.
 You were neutral, nominally on a mission for Thoth
 who was opposed by Ptah (lawful) and Anhur (chaotic).
 You were left-handed.
 You were in the Dungeons of Doom, on level 4.
 You entered the dungeon 1891 turns ago.
 You had 115 experience points, 45 more were needed to attain level 5.

Basics:
 You had 0 out of 30 hit points.
 You had 17 out of 27 energy points (spell power).
 Your armor class was 9.
 Your wallet contained 82 zorkmids.
 Autopickup was off.

Final Characteristics:
 Your strength was 16 (limit:18/100).
 Your dexterity was 11 (limit:18).
 Your constitution was 14 (limit:18).
 Your intelligence was 17 (limit:18).
 Your wisdom was 11 (limit:18).
 Your charisma was 12 (limit:18).

Final Status:
 You weren't hungry.
 You were unencumbered.
 You were wielding daggers.
 You were unskilled in dagger.

Final Attributes:
 You were devoutly aligned.
 You were magic-protected.
 You were warded.
 You are dead.

Miscellaneous:
 You didn't encounter any bones levels.
 Total elapsed playing time was 36 minutes and 27 seconds.

Major events:
 Turn
    1: Jandor the neutral male human Wizard entered the dungeon
  586: entered the Gnomish Mines
 1002: attained the rank of Conjurer (level 3)
 1891: killed by a pony

Spells:
 Name                 Level Category     Fail Retention
 force bolt             1   attack         0%  91%-100%
 detect food            2   divination    61%  76%-100%
 create monster         2   clerical      61%  76%-100%
 dig                    5   matter       100%  76%-100%

Skills:
 Fighting Skills
   bare handed combat [Unskilled]
   riding             [Unskilled]
 Weapon Skills
   dagger             [Unskilled]
   knife              [Unskilled]
   axe                [Unskilled]
   short sword        [Unskilled]
   club               [Unskilled]
   mace               [Unskilled]
   quarterstaff       [Basic]
   polearms           [Unskilled]
   spear              [Unskilled]
   trident            [Unskilled]
   sling              [Unskilled]
   dart               [Unskilled]
   shuriken           [Unskilled]
 Spellcasting Skills
   attack spells      [Basic]
   healing spells     [Unskilled]
   divination spells  [Unskilled]
   enchantment spells [Basic]
   clerical spells    [Unskilled]
   escape spells      [Unskilled]
   matter spells      [Unskilled]

Voluntary challenges:
 Character rerolling was not enabled.
 You were an atheist.
 You never genocided any monsters.
 You never polymorphed an object.
 You never changed form.
 You used no wishes.
Achievements:
 You entered the Gnomish Mines.
 You attained the rank of Conjurer.
 You entered a shop.

 The Dungeons of Doom: levels 1 to 4
    Level 1:
       A fountain.
    Level 2:
       Stairs down to The Gnomish Mines.
    Level 3:
    Level 4: <- You were here.
       A wand shop.
       Final resting place for
          you, killed by a pony.
 The Gnomish Mines:
    Level 3:


Vanquished creatures:
  a floating eye
  a homunculus
  2 hill orcs
 an orc zombie
  a dwarf zombie
  2 iguanas
  a large kobold
  a giant rat
  2 gnomes
  a garter snake
  2 geckos
 11 jackals
  2 kobolds
  a goblin
  a sewer rat
  a grid bug
  3 lichens
  4 newts
38 creatures vanquished.

No species were genocided or became extinct.

Game over:
                       ----------
                      /          \
                     /    REST    \
                    /      IN      \
                   /     PEACE      \
                  /                  \
                  |      Jandor      |
                  |      82 Au       |
                  | killed by a pony |
                  |                  |
                  |                  |
                  |                  |
                  |       2026       |
                 *|     *  *  *      | *
        _________)/\\_//(\/(/\)/\//\/|_)_______

Goodbye Jandor the Wizard...

You died in The Dungeons of Doom on dungeon level 4 with 704 points,
and 82 pieces of gold, after 1891 moves.
You were level 4 with a maximum of 30 hit points when you died.

